[ AOE2 MATCH · #505932776 ]
UnrankedMongols vs Incas
Player's team · WIN
Rival team · LOSS
[ REPLAY ANALYSIS · EXTRACTED FROM THE RECORDED GAME ]
Feudal
9:20
Castle
20:37
Imperial
42:49
| APM avg | 79.9 |
| APM peak | 141 |
| eAPM avg | 37.8 |
| Villagers / military | 128 / 80 |
Focus
⚔️ 50.7% · 🌾 49.3%
Cavalry Archer ×35 · Mangudai ×24 · Skirmisher ×6 · Mangonel ×5 · Archer ×4 · Trebuchet (Packed) ×4
Feudal
11:43
Castle
18:38
Imperial
40:27
| APM avg | 57.9 |
| APM peak | 105 |
| eAPM avg | 28.0 |
| Villagers / military | 99 / 66 |
Focus
⚔️ 40.1% · 🌾 59.9%
Kamayuk ×45 · Battering Ram ×7 · Mangonel ×4 · Archer ×3 · Skirmisher ×3 · Unknown (2550) ×3
Match map
Initial resources + every placement click. Lines = walls · curves = elevation contours. ◆ gold · ⬟ stone · ● berries · ✦ relic · ◌ wall gap
Your base· ✓ Closed at 20:37 · 69t walls · 1 gate(s)
mouri's base· Open — 4t gap
Smoothed initial terrain · ◌ = detected wall gap · hover for details
Inputs per minute
— 我本善良 - - mouri
Build order — 我本善良
First 150 of 384 actions detected
| 0:00 | Queue | Villager (Male) |
| 0:00 | Queue | Villager (Male) |
| 0:01 | Build | House |
| 0:02 | Build | House |
| 0:18 | Queue | Villager (Male) |
| 0:18 | Queue | Villager (Male) |
| 1:30 | Queue | Villager (Male) |
| 1:30 | Queue | Villager (Male) |
| 2:04 | Queue | Villager (Male) |
| 2:04 | Queue | Villager (Male) |
| 2:19 | Build | Lumber Camp |
| 2:23 | Queue | Villager (Male) |
| 2:40 | Queue | Villager (Male) |
| 2:40 | Queue | Villager (Male) |
| 2:40 | Queue | Villager (Male) |
| 3:30 | Build | House |
| 3:33 | Build | House |
| 3:36 | Queue | Villager (Male) |
| 3:57 | Queue | Villager (Male) |
| 4:07 | Build | Palisade Wall |
| 4:08 | Build | Palisade Wall |
| 4:10 | Build | Palisade Wall |
| 4:13 | Build | Palisade Wall |
| 4:15 | Build | Palisade Wall |
| 4:25 | Queue | Villager (Male) |
| 4:53 | Queue | Villager (Male) |
| 5:22 | Queue | Villager (Male) |
| 5:22 | Queue | Villager (Male) |
| 5:25 | Research | Loom |
| 5:33 | Build | House |
| 5:35 | Build | Palisade Wall |
| 5:35 | Build | Palisade Wall |
| 6:28 | Queue | Villager (Male) |
| 6:47 | Build | Mill |
| 7:10 | Research | Feudal Age |
| 7:10 | Research | Feudal Age |
| 7:45 | Build | Palisade Wall |
| 7:46 | Build | Palisade Wall |
| 7:46 | Build | Palisade Wall |
| 8:19 | Build | Barracks |
| 8:30 | Queue | Villager (Male) |
| 8:49 | Build | Mining Camp |
| 8:51 | Queue | Villager (Male) |
| 9:20 | Age | Feudal Age |
| 9:44 | Build | Archery Range |
| 9:52 | Queue | Villager (Male) |
| 10:13 | Queue | Villager (Male) |
| 10:24 | Research | Double-Bit Axe |
| 10:30 | Build | House |
| 10:38 | Queue | Archer |
| 10:51 | Queue | Villager (Male) |
| 11:02 | Build | Palisade Wall |
| 11:04 | Queue | Archer |
| 11:07 | Build | Mill |
| 11:16 | Build | Palisade Wall |
| 11:18 | Build | Palisade Wall |
| 11:26 | Queue | Villager (Male) |
| 11:31 | Build | House |
| 11:38 | Build | Palisade Wall |
| 11:39 | Build | Palisade Wall |
| 11:42 | Queue | Archer |
| 11:51 | Build | Blacksmith |
| 11:59 | Queue | Villager (Male) |
| 12:08 | Build | Palisade Wall |
| 12:12 | Build | Palisade Wall |
| 12:17 | Queue | Archer |
| 12:18 | Queue | Villager (Male) |
| 12:31 | Build | Farm |
| 12:36 | Build | Palisade Wall |
| 12:38 | Build | Palisade Wall |
| 12:39 | Build | Palisade Wall |
| 12:42 | Queue | Villager (Male) |
| 12:55 | Queue | Skirmisher |
| 12:57 | Queue | Villager (Male) |
| 13:08 | Build | Palisade Wall |
| 13:09 | Build | Palisade Wall |
| 13:10 | Build | Palisade Wall |
| 13:15 | Queue | Villager (Male) |
| 13:18 | Build | Farm |
| 13:19 | Build | Farm |
| 13:37 | Queue | Skirmisher |
| 13:44 | Build | Farm |
| 13:52 | Queue | Skirmisher |
| 13:58 | Build | House |
| 14:00 | Queue | Villager (Male) |
| 14:04 | Research | Wheelbarrow |
| 14:04 | Research | Wheelbarrow |
| 14:16 | Build | Palisade Gate |
| 14:32 | Build | House |
| 14:34 | Queue | Villager (Male) |
| 14:37 | Build | Farm |
| 14:47 | Queue | Skirmisher |
| 14:56 | Build | Palisade Wall |
| 14:57 | Build | Palisade Wall |
| 15:07 | Queue | Villager (Male) |
| 15:09 | Build | Farm |
| 15:14 | Build | Farm |
| 15:48 | Build | Farm |
| 15:58 | Build | Farm |
| 16:01 | Queue | Villager (Male) |
| 16:18 | Build | Farm |
| 16:29 | Queue | Villager (Male) |
| 16:31 | Build | Farm |
| 16:47 | Queue | Villager (Male) |
| 16:54 | Build | Farm |
| 17:17 | Queue | Villager (Male) |
| 17:21 | Build | Lumber Camp |
| 17:30 | Build | House |
| 17:57 | Research | Castle Age |
| 17:58 | Research | Castle Age |
| 18:09 | Queue | Skirmisher |
| 18:36 | Build | Archery Range |
| 18:42 | Queue | Skirmisher |
| 18:53 | Research | Fletching |
| 19:10 | Build | Stable |
| 19:17 | Queue | Villager (Male) |
| 19:36 | Build | Archery Range |
| 20:09 | Research | Bloodlines |
| 20:37 | Age | Castle Age |
| 20:39 | Queue | Cavalry Archer |
| 20:39 | Queue | Cavalry Archer |
| 20:39 | Queue | Cavalry Archer |
| 20:43 | Research | Husbandry |
| 20:49 | Research | Bodkin Arrow |
| 20:50 | Queue | Villager (Male) |
| 20:54 | Research | Town Watch |
| 20:54 | Research | Town Watch |
| 21:05 | Build | University |
| 21:13 | Build | House |
| 21:15 | Queue | Villager (Male) |
| 21:18 | Build | House |
| 21:20 | Queue | Cavalry Archer |
| 21:20 | Queue | Cavalry Archer |
| 21:20 | Queue | Cavalry Archer |
| 21:20 | Queue | Cavalry Archer |
| 21:40 | Research | Husbandry |
| 21:50 | Build | House |
| 21:50 | Build | House |
| 21:58 | Queue | Villager (Male) |
| 22:02 | Queue | Villager (Male) |
| 22:05 | Queue | Cavalry Archer |
| 22:05 | Queue | Cavalry Archer |
| 22:05 | Queue | Cavalry Archer |
| 22:38 | Research | Ballistics |
| 22:38 | Research | Ballistics |
| 22:44 | Queue | Villager (Male) |
| 23:04 | Queue | Cavalry Archer |
| 23:04 | Queue | Cavalry Archer |
| 23:04 | Queue | Cavalry Archer |
| 23:05 | Queue | Villager (Male) |
Build order — mouri
First 150 of 289 actions detected
| 0:00 | Queue | Villager (Male) |
| 0:00 | Queue | Villager (Male) |
| 0:01 | Build | House |
| 0:02 | Build | House |
| 0:05 | Build | Barracks |
| 0:18 | Queue | Villager (Male) |
| 0:25 | Queue | Villager (Male) |
| 0:57 | Queue | Unit 2550 |
| 0:57 | Queue | Unit 2550 |
| 1:11 | Queue | Villager (Male) |
| 1:20 | Research | Loom |
| 1:20 | Research | Loom |
| 1:33 | Queue | Unit 2550 |
| 1:58 | Queue | Villager (Male) |
| 2:26 | Queue | Villager (Male) |
| 2:48 | Queue | Villager (Male) |
| 3:10 | Build | House |
| 3:16 | Queue | Villager (Male) |
| 3:17 | Queue | Villager (Male) |
| 4:00 | Queue | Villager (Male) |
| 4:12 | Queue | Villager (Male) |
| 4:44 | Queue | Villager (Male) |
| 5:00 | Queue | Villager (Male) |
| 5:12 | Queue | Villager (Male) |
| 5:34 | Build | Settlement |
| 5:43 | Queue | Villager (Male) |
| 5:57 | Queue | Villager (Male) |
| 6:08 | Queue | Villager (Male) |
| 6:57 | Queue | Villager (Male) |
| 7:02 | Queue | Villager (Male) |
| 7:10 | Queue | Villager (Male) |
| 7:20 | Build | Settlement |
| 7:24 | Build | Settlement |
| 7:29 | Queue | Villager (Male) |
| 8:53 | Queue | Villager (Male) |
| 9:33 | Research | Feudal Age |
| 9:33 | Research | Feudal Age |
| 9:33 | Research | Feudal Age |
| 9:43 | Build | Palisade Wall |
| 9:46 | Build | Palisade Wall |
| 9:47 | Build | Palisade Wall |
| 9:50 | Build | Palisade Wall |
| 10:26 | Queue | Villager (Male) |
| 10:54 | Queue | Villager (Male) |
| 10:57 | Build | Palisade Wall |
| 10:58 | Build | Palisade Wall |
| 11:00 | Build | Palisade Wall |
| 11:01 | Build | Palisade Wall |
| 11:01 | Build | Palisade Wall |
| 11:13 | Queue | Villager (Male) |
| 11:43 | Age | Feudal Age |
| 11:46 | Queue | Villager (Male) |
| 11:49 | Build | Archery Range |
| 12:15 | Build | Watch Tower |
| 12:27 | Build | Blacksmith |
| 12:28 | Queue | Skirmisher |
| 13:24 | Queue | Villager (Male) |
| 13:26 | Build | Farm |
| 13:27 | Build | Farm |
| 13:40 | Queue | Skirmisher |
| 13:44 | Build | Settlement |
| 13:46 | Queue | Skirmisher |
| 13:51 | Queue | Villager (Male) |
| 13:59 | Build | Farm |
| 14:06 | Build | House |
| 14:09 | Build | Palisade Wall |
| 14:17 | Build | Farm |
| 14:19 | Queue | Villager (Male) |
| 14:22 | Build | Farm |
| 14:26 | Queue | Archer |
| 14:30 | Queue | Archer |
| 14:45 | Queue | Villager (Male) |
| 14:47 | Build | Farm |
| 15:15 | Queue | Villager (Male) |
| 15:17 | Build | Farm |
| 15:35 | Queue | Archer |
| 15:58 | Research | Castle Age |
| 15:58 | Research | Castle Age |
| 15:58 | Research | Castle Age |
| 15:58 | Research | Castle Age |
| 16:06 | Build | Farm |
| 16:24 | Build | Farm |
| 16:26 | Build | Farm |
| 16:28 | Build | Farm |
| 16:29 | Build | Farm |
| 16:41 | Research | Horse Collar |
| 16:41 | Research | Horse Collar |
| 17:01 | Research | Double-Bit Axe |
| 17:01 | Research | Double-Bit Axe |
| 17:19 | Build | Farm |
| 17:23 | Build | Outpost |
| 17:28 | Build | Palisade Wall |
| 17:29 | Build | Palisade Wall |
| 17:29 | Build | Palisade Wall |
| 17:29 | Build | Palisade Wall |
| 17:30 | Build | Palisade Wall |
| 17:30 | Build | Palisade Wall |
| 17:30 | Build | Palisade Wall |
| 17:30 | Build | Palisade Wall |
| 17:31 | Build | Palisade Wall |
| 17:31 | Build | Palisade Wall |
| 17:40 | Research | Scale Mail Armor |
| 18:02 | Queue | Villager (Male) |
| 18:10 | Build | Outpost |
| 18:19 | Build | Farm |
| 18:38 | Age | Castle Age |
| 18:44 | Build | Castle |
| 18:50 | Research | Chain Mail Armor |
| 18:53 | Build | Siege Workshop |
| 18:56 | Queue | Villager (Male) |
| 19:25 | Queue | Villager (Male) |
| 19:38 | Queue | Battering Ram |
| 19:38 | Queue | Battering Ram |
| 19:41 | Queue | Villager (Male) |
| 20:00 | Research | Squires |
| 20:01 | Queue | Kamayuk |
| 20:11 | Queue | Kamayuk |
| 20:12 | Queue | Kamayuk |
| 20:19 | Queue | Battering Ram |
| 20:25 | Queue | Villager (Male) |
| 20:29 | Build | Farm |
| 20:33 | Queue | Kamayuk |
| 20:48 | Queue | Kamayuk |
| 20:48 | Queue | Kamayuk |
| 20:50 | Build | Farm |
| 20:53 | Build | Farm |
| 20:57 | Build | Stone Wall |
| 21:01 | Build | Stone Wall |
| 21:02 | Build | Stone Wall |
| 21:07 | Queue | Kamayuk |
| 21:11 | Queue | Villager (Male) |
| 21:16 | Build | Stone Wall |
| 21:18 | Build | Stone Wall |
| 21:27 | Queue | Kamayuk |
| 21:33 | Queue | Kamayuk |
| 21:43 | Queue | Battering Ram |
| 21:49 | Queue | Villager (Male) |
| 21:49 | Queue | Villager (Male) |
| 21:54 | Build | Farm |
| 22:09 | Queue | Kamayuk |
| 22:16 | Queue | Kamayuk |
| 22:20 | Queue | Villager (Male) |
| 22:20 | Queue | Villager (Male) |
| 22:28 | Build | Farm |
| 22:28 | Build | Farm |
| 22:35 | Queue | Kamayuk |
| 22:42 | Queue | Kamayuk |
| 22:52 | Build | Stone Wall |
| 23:07 | Queue | Kamayuk |
| 23:08 | Queue | Kamayuk |
Match timeline
| 0:05 | mouri · first_building Barracks |
| 4:07 | 我本善良 · wall_segment Palisade Wall x1 |
| 4:08 | 我本善良 · wall_segment Palisade Wall x1 |
| 4:10 | 我本善良 · wall_segment Palisade Wall x1 |
| 4:13 | 我本善良 · wall_segment Palisade Wall x1 |
| 4:15 | 我本善良 · wall_segment Palisade Wall x1 |
| 5:35 | 我本善良 · wall_segment Palisade Wall x1 |
| 5:35 | 我本善良 · wall_segment Palisade Wall x1 |
| 7:45 | 我本善良 · wall_segment Palisade Wall x1 |
| 7:46 | 我本善良 · wall_segment Palisade Wall x1 |
| 7:46 | 我本善良 · wall_segment Palisade Wall x1 |
| 8:19 | 我本善良 · first_building Barracks |
| 9:20 | 我本善良 · age_up feudal |
| 9:43 | mouri · wall_segment Palisade Wall x4 |
| 9:44 | 我本善良 · first_building Archery Range |
| 9:46 | mouri · wall_segment Palisade Wall x6 |
| 9:47 | mouri · wall_segment Palisade Wall x7 |
| 9:50 | mouri · wall_segment Palisade Wall x10 |
| 10:57 | mouri · wall_segment Palisade Wall x1 |
| 10:58 | mouri · wall_segment Palisade Wall x1 |
| 11:00 | mouri · wall_segment Palisade Wall x1 |
| 11:01 | mouri · wall_segment Palisade Wall x1 |
| 11:01 | mouri · wall_segment Palisade Wall x1 |
| 11:02 | 我本善良 · wall_segment Palisade Wall x10 |
| 11:16 | 我本善良 · wall_segment Palisade Wall x6 |
| 11:18 | 我本善良 · wall_segment Palisade Wall x5 |
| 11:38 | 我本善良 · wall_segment Palisade Wall x6 |
| 11:39 | 我本善良 · wall_segment Palisade Wall x3 |
| 11:43 | mouri · age_up feudal |
| 11:49 | mouri · first_building Archery Range |
| 12:08 | 我本善良 · wall_segment Palisade Wall x5 |
| 12:12 | 我本善良 · wall_segment Palisade Wall x1 |
| 12:36 | 我本善良 · wall_segment Palisade Wall x4 |
| 12:38 | 我本善良 · wall_segment Palisade Wall x6 |
| 12:39 | 我本善良 · wall_segment Palisade Wall x3 |
| 13:08 | 我本善良 · wall_segment Palisade Wall x1 |
| 13:09 | 我本善良 · wall_segment Palisade Wall x1 |
| 13:10 | 我本善良 · wall_segment Palisade Wall x1 |
| 14:09 | mouri · wall_segment Palisade Wall x1 |
| 14:56 | 我本善良 · wall_segment Palisade Wall x2 |
| 14:57 | 我本善良 · wall_segment Palisade Wall x7 |
| 17:28 | mouri · wall_segment Palisade Wall x1 |
| 17:29 | mouri · wall_segment Palisade Wall x1 |
| 17:29 | mouri · wall_segment Palisade Wall x1 |
| 17:29 | mouri · wall_segment Palisade Wall x1 |
| 17:30 | mouri · wall_segment Palisade Wall x1 |
| 17:30 | mouri · wall_segment Palisade Wall x2 |
| 17:30 | mouri · wall_segment Palisade Wall x2 |
| 17:30 | mouri · wall_segment Palisade Wall x1 |
| 17:31 | mouri · wall_segment Palisade Wall x1 |
| 17:31 | mouri · wall_segment Palisade Wall x1 |
| 18:38 | mouri · age_up castle |
| 18:44 | mouri · first_building Castle |
| 18:53 | mouri · first_building Siege Workshop |
| 19:10 | 我本善良 · first_building Stable |
| 20:37 | 我本善良 · age_up castle |
| 20:57 | mouri · wall_segment Stone Wall x9 |
| 21:01 | mouri · wall_segment Stone Wall x1 |
| 21:02 | mouri · wall_segment Stone Wall x1 |
| 21:16 | mouri · wall_segment Stone Wall x1 |
| 21:18 | mouri · wall_segment Stone Wall x5 |
| 22:52 | mouri · wall_segment Stone Wall x2 |
| 23:35 | 我本善良 · first_building Monastery |
| 23:57 | 我本善良 · first_building Siege Workshop |
| 24:14 | 我本善良 · wall_segment Stone Wall x3 |
| 24:16 | 我本善良 · wall_segment Stone Wall x8 |
| 24:18 | 我本善良 · wall_segment Stone Wall x3 |
| 24:19 | 我本善良 · wall_segment Stone Wall x4 |
| 25:27 | 我本善良 · wall_segment Stone Wall x4 |
| 26:56 | 我本善良 · first_market_buy 100 food |
| 27:23 | 我本善良 · wall_segment Stone Wall x1 |
| 27:26 | 我本善良 · wall_segment Stone Wall x1 |
| 27:27 | 我本善良 · wall_segment Stone Wall x1 |
| 32:52 | 我本善良 · first_building Castle |
| 33:01 | mouri · wall_segment Stone Wall x1 |
| 33:45 | 我本善良 · first_market_sell 100 stone |
| 36:56 | mouri · first_market_sell 100 stone |
| 37:02 | mouri · first_market_buy 100 food |
| 40:27 | mouri · age_up imperial |
| 42:49 | 我本善良 · age_up imperial |
| 44:11 | mouri · resign |
[ AI ANALYSIS · 1 CREDIT ]
What really happened in this match?
Wolo.gg analyzes every decision: build order, eco, micro, common mistakes by bracket. Personalized analysis on WhatsApp or Discord in 30 seconds.
Civ guide
Mongols
Perfil
Jugador #21227185